[Event "Catalonia Championship Absolute 2024"]
[Site "Salou Tarragona"]
[Date "2024.05.12"]
[Round "1.2"]
[White "Guasch Figuerola, Agusti"]
[Black "Guerra Mendez, Jose Angel"]
[Result "0-1"]
[ECO "D78"]
[WhiteElo "1991"]
[BlackElo "2489"]
[Annotator "RC"]
[PlyCount "182"]
[EventDate "2024.05.06"]
[EventType "k.o."]
[EventCountry "ESP"]
[SourceTitle "playchess.com"]
[Source "ChessBase"]
[SourceQuality "1"]
[TimeControl "5400+30"]

1. Nf3 Nf6 2. b3 g6 3. Bb2 Bg7 4. g3 O-O 5. Bg2 d5 6. c4 c6 7. O-O a5 8. d4 Bf5 9. e3 Na6 10. Nc3 Ne4 11. Ne1 Nxc3 12. Bxc3 b5 13. Rc1 b4 14. Ba1 Qd6 15. g4 Bd7 16. Nd3 Rac8 17. c5 Qe6 18. h3 Nc7 19. Nf4 Qf6 20. Qf3 Qh4 21. Kh2 f5 22. Qg3 Qxg3+ 23. Kxg3 Ra8 24. Nd3 Bc8 25. Rfd1 Ba6 26. Nb2 e5 27. dxe5 Bxe5+ 28. f4 Bg7 29. Bf1 Bxf1 30. Rxf1 Rfe8 31. Rf3 Nb5 32. Nd3 Nc3 33. Bxc3 Bxc3 34. gxf5 gxf5 35. Kh2 Kf7 36. Rg1 a4 37. bxa4 Rxa4 38. Rg2 Rea8 39. Rff2 Ke6 40. h4 Ra3 41. h5 R8a4 42. Nc1 Ra7 43. Nb3 Kf6 44. h6 Re7 45. Rf3 Ra8 46. Rfg3 Rae8 47. Rg7 Rxg7 48. Rxg7 Rxe3 49. Rxh7 Kg6 50. Rc7 Kxh6 51. Rxc6+ Kh5 52. Rd6 Kg4 53. c6 Be1 54. c7 Rc3 55. Rd7 Bg3+ 56. Kg2 Rc2+ 57. Kf1 Bxf4 58. Rg7+ Kh5 59. Rd7 Bxc7 60. Rxd5 Kg4 61. Rd4+ f4 62. Rxb4 Rxa2 63. Nd4 Be5 64. Ne2 Ra3 65. Nxf4 Bxf4 66. Ke2 Re3+ 67. Kd1 Kf3 68. Kc2 Re7 69. Kd3 Be3 70. Rh4 Rd7+ 71. Kc4 Bf4 72. Rh3+ Ke4 73. Rh4 Rc7+ 74. Kb5 Ke5 75. Rh5+ Kd4 76. Rh4 Rf7 77. Rg4 Kd5 78. Kb4 Be5 79. Kb3 Rf3+ 80. Kc2 Bd4 81. Rg8 Kc4 82. Rc8+ Bc5 83. Kd2 Rf2+ 84. Ke1 Ra2 85. Rc7 Kd4 86. Rd7+ Ke3 87. Kd1 Bd4 88. Kc1 Kd3 89. Rb7 Rg2 90. Rb3+ Bc3 91. Kb1 Rg1+ 0-1

[Event "Catalonia Championship Absolute 2024"]
[Site "Salou Tarragona"]
[Date "2024.05.12"]
[Round "1.2"]
[White "Riera Morilla, Elisabeth"]
[Black "Alsina Leal, Daniel"]
[Result "0-1"]
[ECO "A04"]
[WhiteElo "1951"]
[BlackElo "2510"]
[Annotator "TA"]
[PlyCount "66"]
[EventDate "2024.05.06"]
[EventType "k.o."]
[EventCountry "ESP"]
[SourceTitle "playchess.com"]
[Source "ChessBase"]
[SourceQuality "1"]
[TimeControl "5400+30"]

1. e4 c5 2. Nf3 d6 3. d3 Nc6 4. g3 g6 5. Bg2 Bg7 6. c3 e5 7. O-O Nge7 8. Re1 O-O 9. Nbd2 h6 10. Nf1 Be6 11. Ne3 Qd7 12. c4 (12. Nh4 $15 {was preferrable.}) 12... Rab8 13. Nd5 f5 14. a3 b5 15. Bh3 (15. cxb5 $15 Rxb5 16. Nxe7+ Nxe7 (16... Qxe7 17. Nh4 $11) 17. b4) 15... fxe4 $17 16. Bxe6+ Qxe6 17. Nxe7+ Nxe7 ({Don't take} 17... Qxe7 18. cxb5 exf3 (18... Rxb5 19. dxe4 Nd4 20. Nd2 $19) (18... Rxf3 $2 19. bxc6 Rxd3 20. Qg4 $17) 19. bxc6) 18. Rxe4 bxc4 19. Rxc4 Qf7 20. Kg2 Qd5 21. Qe2 $2 {[%emt 0:00:30] [#]} (21. Re4) 21... Rf7 $19 22. Qe4 Rbf8 23. Qxd5 Nxd5 24. Nd2 Rxf2+ 25. Kh3 Ne3 26. Re4 Nf1 27. Nxf1 Rxf1 28. Rc4 Rh1 29. Rc2 {[%emt 0:00:30] Wards off Rf2} Rff1 30. Rb1 a5 31. g4 a4 {[%emt 0:00:30][%cal Oe5e4] [#] White must now prevent ...e4!} 32. Kg2 Rhg1+ 33. Kh3 Rf3+ {[%emt 0:00:30] Black took control after the opening.   Weighted Error Value: White=0.86/Black=0.35.  Mistake:       	White=3     	---        Inaccurate:     	White=3     	Black=3      OK:         	White=6     	Black=6      Best:        	White=1     	Black=2} 0-1

[Event "Catalonia Championship Absolute 2024"]
[Site "Salou Tarragona"]
[Date "2024.05.12"]
[Round "1.4"]
[White "Ribera Veganzones, Serni"]
[Black "Salinas Tomas, Daniel"]
[Result "0-1"]
[ECO "C88"]
[WhiteElo "2341"]
[BlackElo "2370"]
[Annotator "ChessBase"]
[PlyCount "92"]
[EventDate "2024.05.06"]
[EventType "k.o."]
[EventCountry "ESP"]
[SourceTitle "playchess.com"]
[Source "ChessBase"]
[SourceQuality "1"]
[TimeControl "5400+30"]

1. e4 e5 2. Nf3 Nc6 3. Bb5 a6 4. Ba4 Nf6 5. O-O Be7 6. Re1 b5 7. Bb3 O-O 8. a4 b4 9. d3 d6 10. Nbd2 Be6 11. Nc4 Nd7 12. Be3 Rb8 13. a5 Bf6 14. c3 Nc5 15. Bxc5 dxc5 16. Qc2 Qe7 17. Nfd2 Rfd8 18. Ne3 Bg5 19. Nd5 Qd7 20. Nf1 Qd6 21. Bc4 Na7 22. Red1 Nb5 23. h3 g6 24. Ra4 Kg7 25. Nh2 h5 26. Nf3 Bh6 27. Raa1 f6 28. Nh2 Rd7 29. Nf1 f5 30. Nde3 f4 31. Bxe6 Qxe6 32. Nc4 f3 33. gxf3 Rf8 34. Kg2 Qf6 35. Nh2 Bf4 36. Nf1 Qg5+ 37. Kh1 Qh4 38. Kg2 Rdf7 39. Re1 Bh6 40. Nh2 Qg5+ 41. Kf1 Rxf3 42. Nxf3 Rxf3 43. Ke2 Qg2 44. Rf1 Bf4 45. Nd2 Rxh3 46. Rg1 Re3+ 0-1

[Event "Catalonia Championship Absolute 2024"]
[Site "Salou Tarragona"]
[Date "2024.05.13"]
[Round "2.1"]
[White "Alsina Leal, Daniel"]
[Black "Granados Gomez, Manuel"]
[Result "1-0"]
[WhiteElo "2510"]
[BlackElo "2358"]
[Annotator "TA"]
[PlyCount "15"]
[EventDate "2024.05.06"]
[EventType "k.o."]
[EventCountry "ESP"]
[SourceTitle "playchess.com"]
[Source "ChessBase"]
[SourceQuality "1"]
[TimeControl "5400+30"]

1. e4 e5 2. Nf3 Nc6 3. Bb5 Bc5 4. O-O Qf6 5. c3 h6 ({Better is} 5... a6 $14 6. Bxc6 dxc6) 6. d4 $1 $16 Bd6 (6... Bb6 $142) 7. Nxe5 Nxe5 {[%emt 0:00:34] [#]} (7... Bxe5 $16 8. dxe5 Qxe5) 8. f4 $1 {[%emt 0:00:43] Mistake:       	---       	Black=2      OK:         	White=1     	---} (8. dxe5 $2 {too greedy.} Qxe5 9. g3 Qxb5 $19) 1-0

[Event "Catalonia Championship Absolute 2024"]
[Site "Salou Tarragona"]
[Date "2024.05.13"]
[Round "2.1"]
[White "Ayats Llobera, Gerard"]
[Black "Garcia Ramos, Daniel"]
[Result "1-0"]
[ECO "B12"]
[WhiteElo "2449"]
[BlackElo "2406"]
[Annotator "TA"]
[PlyCount "53"]
[EventDate "2024.05.06"]
[EventType "k.o."]
[EventCountry "ESP"]
[SourceTitle "playchess.com"]
[Source "ChessBase"]
[SourceQuality "1"]
[TimeControl "5400+30"]

1. e4 c6 2. d4 d5 3. e5 Bf5 4. Nf3 e6 5. Be2 Nd7 6. O-O h6 7. Nbd2 a5 8. h3 a4 9. c4 Ne7 {[%emt 0:06:24] The position is equal.} 10. a3 Qa5 11. Re1 Bh7 12. cxd5 ({Better is} 12. b4 $14 axb3 13. Qxb3 (13. Nxb3 Qa4 $11)) 12... Nxd5 $11 13. Nc4 Qa7 14. Bd3 Bxd3 15. Qxd3 Qa6 16. Qc2 Be7 17. Bd2 Rc8 18. Rac1 ({White should try} 18. Re4 $14) 18... O-O (18... c5 $11) 19. Re4 $14 Kh8 20. Rg4 c5 {[%emt 0:07:17] [#]} 21. Nd6 $1 {[%emt 0:03:20] White is more active.} Bxd6 {[%emt 0:13:00][%mdl 8192] [#] A mistake that costs the game.} (21... Rc6 $16) 22. Bxh6 $1 $18 (22. exd6 N5f6 23. Ne5 Nxg4 (23... Qxd6 24. Rh4 $15) 24. Nxd7 Rfd8 $11 (24... Qxd6 25. Nxf8 Qh2+ 26. Kf1 $16)) 22... g6 ({Not} 22... gxh6 23. Qd2 $18) 23. exd6 f5 $2 (23... Qxd6 24. Bxf8 Qxf8 25. dxc5 (25. Qxa4 N7b6 $18) 25... Rxc5) 24. Rh4 {[%emt 0:01:38] White is clearly winning.} Rf7 25. dxc5 {[%emt 0:02:57][%cal Oc2d2] Hoping for Qd2!} Kg8 26. Rxa4 Qb5 27. Nd4 {[%emt 0:01:07] Weighted Error Value: White=0.14 (very precise) /Black=0.50.  Loses game:     	---       	Black=1      Mistake:       	White=2     	Black=2      Inaccurate:     	White=1     	Black=5      OK:         	White=6     	Black=6      Best:        	White=1     	---        Strong:       	White=2     	---} 1-0

[Event "Catalonia Championship Absolute 2024"]
[Site "Salou Tarragona"]
[Date "2024.05.13"]
[Round "2.1"]
[White "Lorenzo De La Riva, Lazaro"]
[Black "Narciso Dublan, Marc"]
[Result "1/2-1/2"]
[ECO "B12"]
[WhiteElo "2422"]
[BlackElo "2424"]
[Annotator "RC"]
[PlyCount "98"]
[EventDate "2024.05.06"]
[EventType "k.o."]
[EventCountry "ESP"]
[SourceTitle "playchess.com"]
[Source "ChessBase"]
[SourceQuality "1"]
[TimeControl "5400+30"]

1. e4 c6 2. d4 d5 3. e5 c5 4. dxc5 e6 5. c3 Nc6 6. Nf3 Bxc5 7. Bd3 Nge7 8. b4 Bb6 9. O-O Ng6 10. Bxg6 hxg6 11. Bg5 f6 12. exf6 gxf6 13. b5 fxg5 14. bxc6 bxc6 15. Qa4 Bd7 16. Nbd2 Qf6 17. h3 g4 18. Qxg4 e5 19. Qg3 Rh5 20. c4 e4 21. cxd5 cxd5 22. Nh2 Qg5 23. Ng4 Bxg4 24. Qxg4 Qxg4 25. hxg4 Rh7 26. Rfe1 O-O-O 27. Rac1+ Kb8 28. Nb3 Rdh8 29. Kf1 Rh1+ 30. Ke2 R1h2 31. Rg1 Rc8 32. Rxc8+ Kxc8 33. a4 Kd7 34. a5 Bd8 35. Rd1 Kd6 36. g3 Bg5 37. Nd2 Bxd2 38. Rxd2 Rh1 39. Rb2 Ra1 40. Rb8 Rxa5 41. Rg8 Ra2+ 42. Ke1 a5 43. Rxg6+ Ke5 44. g5 d4 45. Ra6 Ra1+ 46. Kd2 Ra2+ 47. Ke1 Ra1+ 48. Kd2 Ra2+ 49. Ke1 Ra1+ 1/2-1/2

[Event "Catalonia Championship Absolute 2024"]
[Site "Salou Tarragona"]
[Date "2024.05.13"]
[Round "2.1"]
[White "Salinas Tomas, Daniel"]
[Black "Guerra Mendez, Jose Angel"]
[Result "0-1"]
[ECO "E20"]
[WhiteElo "2370"]
[BlackElo "2489"]
[Annotator "TA"]
[PlyCount "128"]
[EventDate "2024.05.06"]
[EventType "k.o."]
[EventCountry "ESP"]
[SourceTitle "playchess.com"]
[Source "ChessBase"]
[SourceQuality "1"]
[TimeControl "5400+30"]

1. d4 Nf6 2. c4 e6 3. g3 Bb4+ 4. Nc3 Nc6 5. Bg2 d5 6. Nf3 dxc4 7. O-O O-O 8. Qa4 Nd5 9. Qc2 Be7 10. Rd1 {[%emt 0:00:24] The position is equal.} Ncb4 11. Qd2 Nb6 12. h4 Bd7 13. Ne5 Rb8 14. h5 f6 15. Nxd7 Qxd7 16. h6 g6 17. Ne4 (17. e3 $11) 17... Rbd8 $15 18. e3 f5 19. Nc3 c5 {[%emt 0:02:02] Black is more active.} 20. b3 cxd4 21. exd4 Nd3 22. Ne2 Nxc1 23. Raxc1 (23. Rdxc1 $15 Rc8 24. bxc4) 23... cxb3 $1 $17 24. axb3 Nd5 25. Rc2 {[%emt 0:00:00] [#]} (25. Bf3 $17 {was necessary.}) 25... f4 $1 $19 26. gxf4 (26. Nxf4 Bg5) 26... Bd6 27. Bh3 Bxf4 (27... Nxf4 28. Nxf4 Bxf4 (28... Rxf4 29. d5 $11) 29. Qe1 $15) 28. Nxf4 Nxf4 29. Bg4 Qd5 {[%emt 0:05:43] Repels Qa5} 30. f3 Qg5 (30... Qxb3 31. Re1) 31. Rc7 $2 (31. Re1) 31... Qxh6 {[%emt 0:02:37] aiming for ...Qg5.} 32. Bxe6+ Kh8 33. Bg4 Qg5 34. d5 h5 $2 (34... Qxd5 35. Qb2+ (35. Qc3+ Qd4+ 36. Rxd4 Ne2+ 37. Kf2 Nxc3 $18) (35. Qc3+ Qd4+ 36. Rxd4 Ne2+ 37. Kf2 Nxc3 $18)) (34... Qf6 $19 35. d6 h5) 35. Qb2+ $17 Qf6 $1 (35... Rf6 $6 36. Rf7 Rdd6 (36... Nxd5 $2 37. Rxf6 Kg8 38. Re6 $18) 37. Re1 $11) 36. Qxf6+ Rxf6 37. Bc8 Nxd5 (37... Rxd5 $6 38. Re1 Rd8 39. Ree7 $11) (37... b6 $17 38. Bb7 Ne6) 38. Rc5 ({White should try} 38. Rxb7 $15 Rxc8 (38... Rxf3 39. Be6 $16) 39. Rxd5) 38... Rc6 (38... Rxf3 $6 39. Bxb7 (39. Rdxd5 Rxd5 40. Rxd5 Rxb3 $18) 39... Rxb3 (39... Rg3+ $2 40. Kh2 $18) 40. Rdxd5 (40. Bxd5 Re3 $11) 40... Rxd5 41. Bxd5 $11) 39. Rxc6 bxc6 {[%emt 0:00:05][%mdl 4096] Endgame. KRB-KRN} 40. Bb7 Rd6 41. b4 Kg7 42. Bxc6 Rxc6 43. Rxd5 {[%emt 0:00:03] KR-KR} Kf6 44. Kg2 Rb6 45. b5 Ke6 46. Rg5 Kd7 47. Rc5 (47. f4 $142) 47... Rf6 (47... Kd6 $1 $17 48. Rg5 Kc7) 48. Rc4 Rb6 (48... Rf5 $142 49. Ra4 Rxb5) 49. Rc5 {[%emt 0:00:31] Black converts the advantage convincingly.} Kd6 $1 50. Rg5 {[%emt 0:00:05] [#]} Kc7 $1 51. f4 {[%emt 0:00:36] [#]} (51. Kf2 $17 {might work better.}) 51... Rf6 $1 $19 52. Kf3 Kb6 53. Ke4 h4 54. Rg4 (54. Ke5 Rf5+ (54... h3 $2 55. Rg1 $19) 55. Ke4 Rxg5 (55... Rxb5 56. Rxg6+ Kc5 57. Rh6 $11) 56. fxg5 Kxb5 57. Ke5 h3 58. Kf6 h2 59. Kxg6 h1=Q (59... h1=R {gets mated.} 60. Kf6 Rg1 61. g6 a5 62. Kf7 a4 63. g7 a3 64. g8=Q Rxg8 65. Kxg8 a2 66. Kf7 a1=Q 67. Ke6 Qd4 68. Kf5 Kc6 69. Kg5 Kd5 70. Kg6 Qe5 71. Kf7 Qg5 72. Ke8 Ke6 73. Kf8 Qg4 74. Ke8 Qg8#) 60. Kf6 Kc4 61. g6 Kd5 62. g7 Qh6+ (62... Qa1+ 63. Kf7 Qf1+ 64. Kg6 Qd3+ 65. Kg5 Ke5 66. Kg4 Qd1+ 67. Kg3 Ke4 68. Kg2 Qg4+ 69. Kf2 Qxg7 70. Ke1 Qg2 71. Kd1 Kd3 72. Ke1 Qg1#) 63. Kf5 Qxg7 64. Kf4 Qc3 65. Kg5 Qe5+ 66. Kg6 Ke6 67. Kh7 Qg3 68. Kh8 Kf6 69. Kh7 Qg7#) 54... Kxb5 {[%emt 0:00:00] White must now prevent ...a5.} 55. Rxh4 a5 {[%emt 0:00:00] Hoping for ...a4.} 56. Rh1 $2 (56. Kd4) 56... a4 (56... Kc4 $142 {And now ...a4 would win.} 57. Ke3 Kb3 58. Rb1+ Kc2) 57. Rb1+ $2 (57. Kd3 $19) 57... Kc4 {[%emt 0:00:07] Black mates.} 58. Rc1+ Kb3 59. Rb1+ Kc3 60. Ra1 Ra6 61. Kf3 a3 62. Kg4 a2 63. Kg5 Kb2 64. Rxa2+ Kxa2 {[%emt 0:00:08] Weighted Error Value: White=0.28 (precise) /Black=0.21 (precise) .  Missed win:     	---       	Black=1      Mistake:       	White=9     	Black=4      Inaccurate:     	White=4     	Black=3      OK:         	White=22    	Black=19     Best:        	White=4     	Black=4      Strong:       	---       	Black=4} 0-1

[Event "Catalonia Championship Absolute 2024"]
[Site "Salou Tarragona"]
[Date "2024.05.14"]
[Round "2.2"]
[White "Guerra Mendez, Jose Angel"]
[Black "Salinas Tomas, Daniel"]
[Result "1-0"]
[ECO "B15"]
[WhiteElo "2489"]
[BlackElo "2370"]
[Annotator "TA"]
[PlyCount "131"]
[EventDate "2024.05.06"]
[EventType "k.o."]
[EventCountry "ESP"]
[SourceTitle "playchess.com"]
[Source "ChessBase"]
[SourceQuality "1"]
[TimeControl "5400+30"]

1. e4 c6 2. d4 d5 3. Nc3 dxe4 4. Nxe4 Nf6 5. Nxf6+ exf6 6. Bc4 Bd6 7. Qe2+ Qe7 8. Qxe7+ Kxe7 9. Ne2 Be6 10. Bd3 a5 11. Bf4 a4 12. Bxd6+ Kxd6 13. Kd2 Nd7 14. c4 Rhd8 15. Kc3 f5 16. Rhe1 b6 17. Bc2 Nf6 18. f3 b5 19. b3 Ra7 20. d5 b4+ (20... cxd5 $14 21. cxb5 Rc7+ 22. Kd2 a3) 21. Kxb4 $16 Rb8+ 22. Kc3 cxd5 23. Rad1 ({Much weaker is} 23. bxa4 $6 Rc8 $11) (23. Nd4 $16 {aiming for Nb5+.} Bd7 24. Rad1 (24. Bxf5 dxc4 25. bxc4 Rc7 $11) (24. Nxf5+ Bxf5 25. Bxf5 axb3 $16) 24... axb3 25. axb3) 23... Rc7 (23... axb3 {simplifies} 24. axb3 Rc7 25. Rd4 Ke7) 24. Nd4 (24. bxa4 $2 {is the wrong capture.} Rxc4+ 25. Kd3 Nd7 $19) 24... axb3 25. axb3 g6 26. Ra1 Rb6 27. Nxe6 fxe6 28. Kd4 (28. Ra5 $11 {keeps the balance.}) 28... Nd7 (28... dxc4 $17 29. bxc4 Ke7) 29. f4 (29. Ra5 $11) 29... Rbc6 $2 (29... Ke7 $17 {stays on course.} 30. g3 dxc4 31. bxc4 Rd6+ 32. Kc3 Nb6) 30. Rxe6+ $1 $16 Kxe6 31. cxd5+ Kd6 32. dxc6 Rxc6 (32... Nb8 $142) 33. Bd3 $16 Nc5 34. Bc4 Rb6 35. Ra7 ({White should play} 35. Rd1 $16) 35... Nxb3+ $14 36. Kc3 Nc5 37. Rxh7 Ne4+ 38. Kd4 Rb2 39. g3 Nf6 {[%emt 0:03:56] [#]} ({Black should try} 39... Nd2 $14) 40. Rh6 $1 $16 Rd2+ (40... Ke7 $16) 41. Bd3 $18 Ng4 $2 (41... Ke6 {was called for.} 42. Rxg6 Rxh2) 42. Rxg6+ $18 Ke7 43. h3 Nf2 44. Ke3 Rxd3+ 45. Kxf2 Ra3 $2 (45... Rd2+ 46. Ke1 Ra2) 46. h4 $18 Ra2+ 47. Kf3 Ra3+ (47... Kf7 $142 48. Rc6 Rh2) 48. Kg2 $18 Ra2+ 49. Kh3 Ra1 50. Rg5 Kf6 51. Rg8 Rb1 52. Rf8+ Ke6 53. Rg8 Kf6 54. Ra8 (54. Rc8 $142 Kg7 55. Rc5) 54... Rc1 55. Ra6+ Kg7 56. Ra5 Kf6 57. h5 Rh1+ 58. Kg2 Rb1 59. Ra6+ Kf7 60. h6 Rc1 61. h7 Kg7 62. Rh6 Kh8 {[%emt 0:00:06] [#]} 63. Rh5 $1 Rc5 64. Kh3 Rb5 65. Kh4 Ra5 66. Kg5 1-0

[Event "Catalonia Championship Absolute 2024"]
[Site "Salou Tarragona"]
[Date "2024.05.14"]
[Round "2.2"]
[White "Narciso Dublan, Marc"]
[Black "Lorenzo De La Riva, Lazaro"]
[Result "1-0"]
[ECO "A13"]
[WhiteElo "2424"]
[BlackElo "2422"]
[Annotator "TA"]
[PlyCount "54"]
[EventDate "2024.05.06"]
[EventType "k.o."]
[EventCountry "ESP"]
[SourceTitle "playchess.com"]
[Source "ChessBase"]
[SourceQuality "1"]
[TimeControl "5400+30"]

1. c4 e6 2. g3 d5 3. Bg2 d4 4. Nf3 Nc6 5. O-O Nh6 6. d3 Nf5 7. e4 dxe3 8. fxe3 {[%emt 0:00:20] The position is equal.} h5 9. Nc3 (9. Ne1 $5) 9... h4 10. g4 h3 $1 11. Bh1 Nh6 12. g5 Ng4 13. d4 Be7 (13... e5 $1 $15) 14. Qe1 (14. Ne1 $11 Rh4 15. Bf3) 14... f5 15. Bd2 {[%emt 0:10:20] [#]} ({White should play} 15. b3 $1 $15) 15... Rh5 $2 (15... e5 $1 $17 {White must now prevent ...e4.} 16. dxe5 Ncxe5) 16. Ne2 $36 {[%emt 0:13:31][%mdl 2048] White is pushing.} Bxg5 17. Ng3 $1 Bh4 18. Nxh4 Rxh4 19. Rd1 g6 (19... Nxd4 $2 20. Ba5 $18) 20. Bc1 Qe7 21. e4 {[%emt 0:02:14] aiming for exf5.} Bd7 $2 {[%emt 0:06:24][%mdl 8192] This costs Black the game.} (21... f4 $1 $11 22. e5 (22. Rxf4 $2 {perishes.} e5 $19) 22... g5) 22. exf5 $18 gxf5 {[%emt 0:01:59] [#]} 23. Nxf5 $1 exf5 24. Bg5 Rh7 (24... Qxe1 $142 25. Rfxe1+ (25. Rdxe1+ Kf7 $18) 25... Kf7) 25. Bxe7 {[%emt 0:01:37] White is clearly winning.} Rxe7 26. Qh4 O-O-O 27. Bxc6 Re2 {[%emt 0:00:02] Weighted Error Value: White=0.15 (very precise) /Black=0.68.  Loses game:     	---       	Black=1      Mistake:       	White=2     	Black=3      Inaccurate:     	---       	Black=2      OK:         	White=4     	Black=5      Best:        	White=6     	Black=2      Strong:       	White=1     	Black=1      Brilliant:      	White=1     	---} 1-0

[Event "Catalonia Championship Absolute 2024"]
[Site "Salou Tarragona"]
[Date "2024.05.14"]
[Round "2.2"]
[White "Garcia Ramos, Daniel"]
[Black "Ayats Llobera, Gerard"]
[Result "0-1"]
[ECO "C54"]
[WhiteElo "2406"]
[BlackElo "2449"]
[Annotator "RC"]
[PlyCount "88"]
[EventDate "2024.05.06"]
[EventType "k.o."]
[EventCountry "ESP"]
[SourceTitle "playchess.com"]
[Source "ChessBase"]
[SourceQuality "1"]
[TimeControl "5400+30"]

1. e4 e5 2. Nf3 Nc6 3. Bc4 Bc5 4. c3 Nf6 5. d4 exd4 6. e5 d5 7. Be2 Ne4 8. cxd4 Bb6 9. O-O O-O 10. Nc3 Be6 11. Be3 f6 12. exf6 Qxf6 13. Na4 Rae8 14. Rc1 Bg4 15. Nxb6 axb6 16. a3 Qd6 17. b4 Ra8 18. b5 Nd8 19. a4 Ne6 20. h3 Bh5 21. g4 Bf7 22. Bd3 Nf4 23. Ne5 Be6 24. f3 Ng5 25. h4 Nxd3 26. hxg5 Nxc1 27. Qxc1 Rxa4 28. Kg2 Qa3 29. Qe1 Qb2+ 30. Kg3 Ra2 31. Bf2 Qxb5 32. Qc1 g6 33. Re1 Qb2 34. Qe3 Qd2 35. Nxg6 Qxe3 36. Rxe3 hxg6 37. Rxe6 Kf7 38. Rf6+ Kg7 39. Re6 Ra3 40. Be3 Kf7 41. Rf6+ Ke7 42. Bf4 Rxf6 43. gxf6+ Kxf6 44. Bxc7 b5 0-1

[Event "Catalonia Championship Absolute 2024"]
[Site "Salou Tarragona"]
[Date "2024.05.14"]
[Round "2.2"]
[White "Granados Gomez, Manuel"]
[Black "Alsina Leal, Daniel"]
[Result "0-1"]
[ECO "D04"]
[WhiteElo "2358"]
[BlackElo "2510"]
[Annotator "TA"]
[PlyCount "82"]
[EventDate "2024.05.06"]
[EventType "k.o."]
[EventCountry "ESP"]
[SourceTitle "playchess.com"]
[Source "ChessBase"]
[SourceQuality "1"]
[TimeControl "5400+30"]

1. d4 Nf6 2. Nf3 c5 3. e3 d5 4. b3 cxd4 5. exd4 Nc6 6. Be2 h6 7. O-O Bf5 8. c4 {[%emt 0:01:21] The position is equal.} e6 9. Ba3 Bxa3 10. Nxa3 O-O 11. Nb5 (11. Qd2 $11 {keeps the balance.}) 11... a6 $17 12. Nc3 Ne4 13. Rc1 Qa5 14. Qe1 dxc4 {[%emt 0:12:58] Black is much more active.} 15. Nxe4 Qxe1 16. Rfxe1 ({Not} 16. Nc3 $2 Qxc1 17. Rxc1 cxb3 18. axb3 Rac8 $19) 16... Bxe4 17. bxc4 Rfd8 18. Bd1 Bxf3 19. Bxf3 Rxd4 20. Rb1 Na5 21. Bxb7 Nxb7 22. Rxb7 Rxc4 {[%emt 0:00:22][%mdl 4096] Endgame. KRR-KRR} 23. g3 Rc5 24. Rd1 Rac8 25. Rdd7 Rf5 26. Rdc7 (26. Rb2 $17) 26... Rxc7 $19 27. Rxc7 {[%emt 0:00:08] KR-KR} Ra5 28. Rc8+ Kh7 29. Rc2 g5 30. f3 (30. Kg2 {was worth a try.}) 30... Ra3 31. Kf2 Kg6 32. Re2 h5 33. h3 h4 34. g4 Kf6 35. Kg2 Ke7 36. Kf2 Ra4 37. Rd2 f5 38. gxf5 exf5 {[%emt 0:00:01] Black is clearly winning.} 39. Re2+ Kd6 40. Kg2 Kd5 41. Kf2 a5 {[%emt 0:01:43] White got outplayed after the opening.   Weighted Error Value: White=0.24 (precise) /Black=0.02 (flawless) .  Mistake:       	White=3     	---        Inaccurate:     	White=3     	Black=1      OK:         	White=5     	Black=23     Best:        	White=1     	Black=1} 0-1

[Event "Catalonia Championship Absolute 2024"]
[Site "Salou Tarragona"]
[Date "2024.05.15"]
[Round "3.1"]
[White "Alsina Leal, Daniel"]
[Black "Narciso Dublan, Marc"]
[Result "1-0"]
[ECO "C47"]
[WhiteElo "2510"]
[BlackElo "2424"]
[Annotator "TA"]
[PlyCount "111"]
[EventDate "2024.05.06"]
[EventType "k.o."]
[EventCountry "ESP"]
[SourceTitle "playchess.com"]
[Source "ChessBase"]
[SourceQuality "1"]
[TimeControl "5400+30"]

1. e4 e5 2. Nf3 Nc6 3. Nc3 Nf6 4. d4 exd4 5. Nxd4 Bb4 6. Nxc6 bxc6 7. Bd3 d5 8. exd5 cxd5 9. O-O O-O 10. h3 c6 11. Qf3 Bd6 12. Re1 {[%emt 0:00:37] The position is equal.} h6 13. b3 Nd7 14. Bf4 {[%emt 0:15:26] Prevents Ne5.} Nc5 15. Bxd6 Qxd6 16. Ne2 Bd7 17. Qf4 Qxf4 18. Nxf4 Rfe8 19. Bf1 Bf5 20. Ne2 Ne6 (20... Bxc2 $6 21. Rec1 Bd3 22. Nd4 (22. Rxc5 Bxe2 23. Rxc6 d4 $14) 22... Bxf1 23. Rxc5 $16) 21. c3 c5 22. Rad1 Red8 23. Ng3 Bg6 24. Re5 d4 25. cxd4 cxd4 26. Bc4 Rd6 27. Ne4 Bxe4 28. Rxe4 Rad8 29. Re5 Kf8 30. h4 g6 31. g3 Kg7 32. Kg2 Kf6 33. Ra5 R8d7 34. Rd2 h5 35. Kf1 Nd8 36. f4 (36. Bb5 $5 Re7 37. Bd3 $14) 36... Ne6 37. Bxe6 fxe6 $11 {[%emt 0:03:15][%mdl 4096] Endgame. KRR-KRR} 38. Ke2 Rd5 {[%emt 0:02:47] [#]} (38... Rc6 $11) 39. Rxd5 $1 $16 {[%emt 0:00:33] White leaves nothing to chance now.} Rxd5 {[%emt 0:00:02] KR-KR} 40. Kd3 Kf5 41. Re2 Kg4 (41... a5 $16 {was called for.} 42. Re1 e5) 42. Rxe6 $18 Kxg3 43. Rxg6+ Kxh4 (43... Kxf4 {keeps fighting.} 44. b4 Rf5) 44. Rg1 {[%emt 0:00:43] [#] Ke4 is the strong threat.} Kh3 45. Rg5 Rd7 (45... Rxg5 46. fxg5 Kh4 47. g6 (47. Kxd4 $2 Kxg5 48. Ke3 Kf5 $19) 47... Kg5 48. g7 (48. Kxd4 Kxg6 49. b4 Kf5 $11) 48... h4 49. g8=Q+ (49. g8=R+ Kh6 $18) 49... Kf5 50. Qd5+ (50. Kxd4 Kf6 51. Kd5 Kf5 52. Qf7+ Kg4 53. Ke4 Kg3 54. Qf1 h3 55. Qg1+ Kh4 56. Kf4 Kh5 57. Qg5#) 50... Kf6 51. Ke4 (51. Qxd4+ Kf5 52. Qd5+ Kf6 53. Ke4 h3 54. Qe5+ Kg6 55. Qe6+ Kg7 56. Kf5 h2 57. Qg6+ Kh8 58. Kf6 h1=Q 59. Qg7#)) 46. f5 (46. Rxh5+ Kg4 47. Rg5+ (47. Re5 Kxf4 48. Ra5 Kg4 $16) 47... Kxf4 $18) 46... h4 $2 (46... Rf7 47. Rxh5+ (47. Kxd4 Kh4 $11) 47... Kg4) 47. f6 {[%emt 0:00:15] Rg7 would kill now.} Kh2 48. Rg7 {[%emt 0:00:30] White mates.} Rd6 49. f7 ({Weaker is} 49. Rxa7 Rxf6 50. b4 Rf2 $11) 49... Rf6 50. Kxd4 h3 51. Ke5 Rf2 52. Ke6 Re2+ 53. Kd7 Rf2 54. Ke7 Re2+ 55. Kf8 Kh1 56. Kg8 {[%emt 0:00:19] Weighted Error Value: White=0.04 (flawless) /Black=0.26 (precise) .  Mistake:       	---       	Black=4      Inaccurate:     	White=1     	Black=1      OK:         	White=15    	Black=13     Best:        	White=4     	Black=2      Strong:       	White=1     	---} 1-0